 Dungeon Crawl Stone Soup version 0.30.0-5-g1a98f26d00 (webtiles) character file.

Game seed: 7292066900088484612

18708 konerai the Severer (level 12, -7/110 HPs)
             Began as a Minotaur Monk on May 12, 2023.
             Was the Champion of Okawaru.
             Mangled by a bog body (11 damage)
             ... on level 2 of the Lair of Beasts.
             The game lasted 00:45:34 (11132 turns).

konerai the Severer (Minotaur Monk)                Turns: 11132, Time: 00:45:35

Health: -7/110     AC: 23    Str: 25    XL:     12   Next: 30%
Magic:  14/16      EV: 12    Int:  7    God:    Okawaru [******]
Gold:   1556       SH:  5    Dex: 15    Spells: 11/11 levels left

rFire   . . .        y - +1 broad axe (vamp)
rCold   . . .        r - orb {*Rage}
rNeg    . . .        K - +1 plate armour {Will+}
rPois   .            F - +1 hat {SInv}
rElec   .            h - +2 cloak {rCorr}
rCorr   +            (no gloves)
SInv    +            (no boots)
Will    +....        o - amulet of reflection Stlth
                     l - +6 ring of strength
HPRegen 0.38/turn    (no ring)
MPRegen 0.15/turn

%: random rage (20%), reflection
@: heroic, on berserk cooldown, slowed, very slow
A: horns 2, retaliatory headbutt
a: Renounce Religion, Heroism, Finesse, Duel


You were on level 2 of the Lair of Beasts.
You worshipped Okawaru.
Okawaru was exalted by your worship.
You visited 3 branches of the dungeon, and saw 13 of its levels.
You also visited: Sewer.

You collected 1696 gold pieces.
You spent 140 gold pieces at shops.

Inventory:

Hand Weapons
 y - a +1 vampiric broad axe (weapon)
 L - a +1 battleaxe of venom
 O - a +2 scimitar of flaming
 P - a +6 long sword of freezing
Missiles
 w - a throwing net
 I - a javelin (quivered)
Armour
 b - the +0 leather armour of the Peculiar Dreams {Slay+2}
   (You found it on level 3 of the Dungeon)

   Slay:      It affects your accuracy & damage with ranged weapons and melee
   (+2).
 e - a +4 scale mail of cold resistance
 h - a +2 cloak of preservation (worn)
 r - an orb of wrath (worn)
 F - a +1 hat of see invisible (worn)
 H - a +2 cloak of willpower
 K - a +1 plate armour of willpower (worn)
Jewellery
 l - a +6 ring of strength (left hand)
 o - an amulet of reflection (around neck)
 v - a ring of flight
 A - the amulet of Elemental Vulnerability {rPois rF-- rC-- AC+8}
   (You found it on level 7 of the Dungeon)

   [amulet of nothing]

   AC:        It affects your AC (+8).
   rF:        It makes you very vulnerable to fire.
   rC:        It makes you very vulnerable to cold.
   rPois:     It protects you from poison.
 J - an amulet of faith
Wands
 d - a wand of mindburst (6)
 t - a wand of polymorph (8)
 x - a wand of flame (18)
 D - a wand of roots (8)
 R - a wand of acid (3)
Scrolls
 k - 11 scrolls of teleportation
 n - a scroll of blinking
 B - 3 scrolls of noise
 C - a scroll of magic mapping
 E - a scroll of enchant armour
 M - a scroll of poison {unknown}
 Q - a scroll of silence {unknown}
Potions
 a - 4 potions of attraction
 c - 6 potions of ambrosia
 f - 11 potions of curing
 g - 4 potions of berserk rage
 i - 4 potions of lignification
 j - 3 potions of brilliance {unknown}
 m - a potion of cancellation {unknown}
 p - a potion of heal wounds {unknown}
 q - 2 potions of might
 s - 3 potions of degeneration {unknown}
 u - 2 potions of flight {unknown}
 z - a potion of mutation {unknown}
 N - a potion of haste {unknown}


   Skills:
 + Level 11.0(16.0) Fighting
 + Level 15.6(20.6) Axes
 + Level 0.5(5.5) Throwing
 + Level 11.3(16.3) Armour
 + Level 5.7(10.7) Dodging
 + Level 1.3(6.3) Stealth
 + Level 4.2(9.2) Shields
 * Level 6.9 Invocations
 + Level 0.4 Evocations


You had 11 spell levels left.
You didn't know any spells.
Your spell library contained the following spells:

 Spells                   Type           Power      Damage    Failure   Level
 Apportation              Tloc           0%         N/A       97%         1
 Freeze                   Ice            0%         1d3       97%         1
 Necrotise                Necr           0%         1d4       97%         1
 Blink                    Tloc           0%         N/A       99%         2
 Frozen Ramparts          Ice            0%         1d1       100%        3
 Gell's Gravitas          Tloc           0%         N/A       100%        3
 Hailstorm                Conj/Ice       0%         3d3       100%        3
 Teleport Other           Tloc           0%         N/A       100%        3
 Ice Form                 Ice/Tmut       0%         N/A       100%        4
 Manifold Assault         Tloc           0%         N/A       100%        4
 Dispersal                Tloc           0%         N/A       100%        6
 Storm Form               Tmut/Air       0%         N/A       100%        7
 Summon Small Mammal      Summ           Unusable   N/A       N/A         1
 Summon Ice Beast         Ice/Summ       Unusable   N/A       N/A         4

Dungeon Overview and Level Annotations

Branches:
Dungeon (10/15)            Temple (1/1) D:5            Lair (2/5) D:10
  Sewer (visited)
  Swamp: Lair:2-3    Shoals: Lair:2-3     Snake: Lair:2-3    Spider: Lair:2-3
    Orc: D:9-12

Altars:
Ashenzari
Cheibriados
Dithmenos
Elyvilon
Fedhas
Gozag
Hepliaklqana
Kikubaaqudgha
Makhleb
Nemelex Xobeh
Okawaru
Qazlal
Ru
Sif Muna
Trog
Uskayaw
Vehumet
Wu Jian
Xom
Yredelemnul
Zin
The Shining One

Shops:
D:7 (

Annotations:
Lair:1 2 transporters


Innate Abilities, Weirdness & Mutations

You have a pair of horns on your head.
You reflexively headbutt those who attack you in melee.


Message History

Okawaru accepts your kill.
The bog body gestures at you while chanting.
The bolt of cold hits you!!
You throw a javelin.
The javelin pierces through the bog body!
The bog body is lightly damaged.
The bog body points at you and mumbles some strange words.
The bolt of cold hits you!
You throw a javelin.
The javelin pierces through the bog body.
The bog body is moderately damaged.
The bog body gestures at you while chanting.
You resist with almost no effort.
You slash the bog body!
The bog body is heavily damaged.
The bog body points at you and mumbles some strange words.
The bolt of cold hits you!
You barely miss the bog body. You headbutt the bog body!
The bog body is almost destroyed.
The bog body touches you but does no damage.
The bog body points at you and mumbles some strange words.
The bolt of cold misses you.
You slash the bog body!
You destroy the bog body!
Okawaru accepts your kill. The bog body casts a spell at you.
The bolt of cold hits you!! The bog body touches you.
The bog body freezes you!!
* * * LOW HITPOINT WARNING * * *
You closely miss the bog body.
The bog body touches you but does no damage.
You barely miss the bog body. Your headbutt misses the bog body.
The bog body barely misses you. You furiously retaliate!
You headbutt the bog body!
Okay, then.
You gain the combat prowess of a mighty hero.
The bog body touches you!
* * * LOW HITPOINT WARNING * * *
The bog body freezes you!
You die...

.........#..
.................
...............
.....#.....#
##.†.#.....#.
####.††# .......
##P#....##....~~~
#......†.†...♣
##........@n..♣
#............§♣
##....<.....§.§§§~
#P.###.....#.§..(§
#..# #P..#####.§§.
#..####...# ##..
#..#..P..## .
#P........##
####..###..#


You could see a bog body.

Vanquished Creatures
  Gastronok (D:8)
  Erica (D:8)
  The ghost of SharpKris the Thaumaturge, a journeyman DECj of Sif Muna (D:9)
  A bog body (Lair:2)
  Pikel (D:5)
  2 black mambas
  Joseph (D:7)
  Maurice (D:8)
  7 elephants
  A cane toad (Lair:1)
  2 gargoyles (D:10)
  An efreet (D:9)
  A kobold demonologist (D:9)
  A rime drake (Lair:1)
  2 komodo dragons
  2 polar bears
  4 trolls
  The ghost of kalodont the Sneak, an amateur KoEn (D:5)
  A vampire (D:9)
  A shadow (D:10)
  8 yaks
  3 wyverns
  A steam dragon (D:9)
  Grum (D:8)
  2 basilisks (Lair:1)
  4 water moccasins
  5 orc warriors
  2 sky beasts
  A black bear (D:5)
  A hornet zombie (D:8)
  13 wolves
  2 lemures
  A phantom (D:3)
  2 centaurs (D:9)
  3 kobold brigands
  10 bullfrogs
  A gnoll sergeant (D:10)
  A wyvern zombie (D:8)
  3 scorpions
  6 wights
  13 killer bees (D:9)
  6 howler monkeys
  A vampire bat (D:4)
  2 centaur zombies (D:8)
  3 hounds
  2 jellies (D:6)
  3 orc priests
  Jessica (D:2)
  A gnoll bouda (D:8)
  Terence (D:2)
  3 iguanas
  7 orc wizards
  17 gnolls
  15 adders
  2 river rats (D:3)
  A shadow imp (D:4)
  3 white imps
  2 ufetubi (D:5)
  4 worms
  3 dart slugs
  3 fire bats (D:4)
  33 orcs
  2 spectral bats (D:4)
  6 ball pythons
  3 bat skeletons (D:4)
  A bat zombie (D:4)
  9 endoplasms
  11 giant cockroaches
  6 goblins
  7 hobgoblins
  15 jackals
  11 quokkas
  18 bats
  A bat simulacrum (D:4)
  8 frilled lizards
  16 kobolds
  5 rats
348 creatures vanquished.

Notes
Turn   | Place    | Note
-------+----------+-------------------------------------------
     0 | D:1      | konerai the Minotaur Monk began the quest for the Orb.
     0 | D:1      | Reached XP level 1. HP: 19/19 MP: 0/0
   114 | D:1      | Reached XP level 2. HP: 22/27 MP: 1/1
   172 | D:1      | Reached skill level 4 in Axes
   383 | D:1      | Reached XP level 3. HP: 31/33 MP: 2/2
   603 | D:2      | Noticed Terence
   611 | D:2      | Killed Terence
   749 | D:2      | Reached XP level 4. HP: 39/41 MP: 3/3
   753 | D:2      | Reached skill level 5 in Axes
  1051 | D:2      | Reached XP level 5. HP: 46/47 MP: 4/4
  1097 | D:2      | Found a faded altar of an unknown god.
  1160 | D:2      | Noticed Jessica
  1167 | D:2      | Killed Jessica
  1524 | D:3      | Reached skill level 5 in Fighting
  1544 | D:3      | Noticed an orc warrior
  1553 | D:3      | Killed an orc warrior
  1554 | D:3      | Reached skill level 6 in Axes
  1554 | D:3      | Reached skill level 1 in Armour
  1554 | D:3      | Reached XP level 6. HP: 38/56 MP: 5/5
  1556 | D:3      | Identified the +0 leather armour of the Peculiar Dreams
                  | {Slay+2}
  1966 | D:3      | Found a glowing drain.
  1970 | Sewer    | Entered a sewer
  2106 | Sewer    | Reached XP level 7. HP: 59/62 MP: 6/6
  2223 | Sewer    | Reached skill level 7 in Axes
  3097 | D:4      | Reached skill level 8 in Axes
  3221 | D:4      | Reached skill level 5 in Dodging
  3577 | D:4      | Reached XP level 8. HP: 66/71 MP: 7/7
  3748 | D:4      | You fall into a shaft and drop 1 floor!
  3748 | D:5      | Entered Level 5 of the Dungeon
  3748 | D:5      | Found a runed translucent door.
  3751 | D:5      | Noticed kalodont's ghost (amateur KoEn)
  4085 | D:5      | Found a staircase to the Ecumenical Temple.
  4124 | D:5      | Noticed Pikel
  4134 | Temple   | Entered the Ecumenical Temple
  4624 | Temple   | Became a worshipper of Warmaster Okawaru
  4624 | Temple   | Reached * piety under Okawaru
  4624 | Temple   | Reached ** piety under Okawaru
  4687 | D:5      | Killed Pikel
  4687 | D:5      | Reached *** piety under Okawaru
  4688 | D:5      | Reached skill level 9 in Axes
  4688 | D:5      | Reached skill level 5 in Armour
  4688 | D:5      | Reached skill level 1 in Stealth
  4763 | D:5      | Killed kalodont's ghost
  4912 | D:5      | Reached skill level 10 in Axes
  4912 | D:5      | Reached XP level 9. HP: 79/79 MP: 8/8
  6292 | D:7      | Found Qaf Mon's Antique Weapon Emporium.
  6298 | D:7      | Bought a glowing broad axe for 140 gold pieces
  6361 | D:7      | Reached **** piety under Okawaru
  6410 | D:7      | Identified the +4 short sword of Bem Jeid {heavy, rF+
                  | Will+}
  6424 | D:7      | Noticed Joseph
  6435 | D:7      | Killed Joseph
  6436 | D:7      | Reached skill level 11 in Axes
  6745 | D:7      | Found the amulet of Elemental Vulnerability {rPois rF--
                  | rC-- AC+8}
  7141 | D:8      | Reached ***** piety under Okawaru
  7142 | D:8      | Reached skill level 12 in Axes
  7142 | D:8      | Reached skill level 1 in Invocations
  7224 | D:8      | Reached XP level 10. HP: 88/88 MP: 10/10
  7274 | D:8      | Noticed Gastronok
  7274 | D:8      | Noticed Grum
  7288 | D:8      | Killed Gastronok
  7289 | D:8      | Reached skill level 1 in Shields
  7291 | D:8      | Killed Grum
  7394 | D:8      | Noticed Maurice
  7402 | D:8      | Killed Maurice
  7403 | D:8      | Reached skill level 13 in Axes
  7454 | D:8      | Noticed Erica
  7469 | D:8      | Killed Erica
  7469 | D:8      | Received a gift from Okawaru
  7956 | D:9      | Found an ancient bone altar of Kikubaaqudgha.
  8014 | D:9      | Reached XP level 11. HP: 96/97 MP: 13/13
  8023 | D:9      | Received a gift from Okawaru
  8053 | D:9      | Reached ****** piety under Okawaru
  8520 | D:9      | Reached skill level 14 in Axes
  8520 | D:9      | Reached skill level 5 in Invocations
  8709 | D:9      | Found a runed translucent door.
  8711 | D:9      | Noticed SharpKris's ghost (journeyman DECj)
  8850 | D:9      | Killed SharpKris's ghost
  9166 | D:10     | Entered Level 10 of the Dungeon
  9167 | D:10     | Found a staircase to the Lair.
  9310 | D:10     | Reached skill level 10 in Armour
  9405 | D:10     | Identified a scroll of acquirement
  9405 | D:10     | Acquired 883 gold pieces
  9540 | D:10     | Reached skill level 10 in Fighting
 10037 | D:10     | Found a glowing silver altar of Zin.
 10169 | Lair:1   | Entered Level 1 of the Lair of Beasts
 10280 | Lair:1   | Received a gift from Okawaru
 10441 | Lair:1   | Found a transporter.
 10441 | Lair:1   | Noticed a boulder beetle
 10442 | Lair:1   | Found a transporter.
 10442 | Lair:1   | Noticed a boulder beetle
 10771 | Lair:1   | Reached skill level 15 in Axes
 10777 | Lair:1   | Found an opulent altar of Gozag.
 10877 | Lair:1   | Reached XP level 12. HP: 108/108 MP: 15/15
 11132 | Lair:2   | HP: 4/110 [bog body (9)]
 11132 | Lair:2   | Mangled by a bog body

Illustrated notes

Levels and vault maps discovered:
D:1:      denvon_arrival_planthouse, layout_rooms, minmay_pentomino_p2
D:2:      layout_loops_cross, chequers_ecumenical_altar_lobes, uniq_terence,
          uniq_jessica
D:3:      layout_loops_ring, gup_sewer_entry_spiral
D:4:      layout_cave_pools, serial_park_tiny_pond, goddamned_bats
D:5:      layout_cave_pools, minmay_temple_entry_junction,
          ebering_ghost_sewer_d, uniq_pikel
D:6:      layout_basic, grunt_decor_fettered, corexii_leaking_fountain,
          ebering_dispersal_statue_hall
D:7:      layout_basic, serial_shops, kennysheep_little_box, uniq_joseph
D:8:      layout_cave_pools, serial_undead, serial_undead_d, serial_undead_c,
          serial_undead_d, serial_undead_d, grunt_ministairs_9,
          dreamdust_gnoll_shepherd, uniq_gastronok, uniq_erica, uniq_grum,
          uniq_maurice
D:9:      minmay_four_partial_circles, layout_long_grid,
          nicolae_overflow_crystal_walls, ebering_ghost_inner_flame
D:10:     layout_basic, mainiacjoe_overflow_six_doors_small, lair_entry_dummy,
          hangedman_corner_corridor
Temple:   mainiacjoe_temple_cubbyholes
Lair:1:   gammafunk_boulding_lane, layout_long_grid, basic_altar,
          roderic_batcave, fungi_pond_lemuel, hangedman_lair_unloving_vines,
          wad_woods_06
Lair:2:   nzn_winding_woodlands_cross [nzn_winding_woodlands_5x15_pockets,
          nzn_winding_woodlands_5x15_cabin, nzn_winding_woodlands_5x15_garden,
          nzn_winding_woodlands_5x15_sidewinder,
          nzn_winding_woodlands_15x15_boxy_spiral], layout_gridlike,
          skrybe_swamp_entry_bodies, dummy_spider_entry

Skill      XL: |  1  2  3  4  5  6  7  8  9 10 11 12 |
---------------+-------------------------------------+-----
Fighting       | 4 5 6 7 8 9 10 11 | 11.0
Axes           | 4 5 6 8 10 12 13 15 | 15.6
Dodging        | 4 5 |  5.7
Armour         | 1 2 4 6 8 9 11 | 11.3
Stealth        | 1 |  1.3
Invocations    | 1 4 6 |  6.9
Shields        | 2 3 4 |  4.2
Throwing       | |  0.5
Evocations     | |  0.4

Action                     |  1- 3 |  4- 6 |  7- 9 | 10-12 || total
---------------------------+-------+-------+-------+-------++-------
  Melee: Hand axe          |    58 |   153 |   220 |       ||   431
         Headbutt          |    12 |    33 |    48 |    83 ||   176
         Broad axe         |       |       |    68 |   347 ||   415
  Throw: Javelin           |       |       |       |     9 ||     9
 Invoke: Heroism           |       |       |       |     2 ||     2
  Evoke: Wand              |       |       |       |     3 ||     3
    Use: Scroll            |     4 |     4 |     4 |     4 ||    16
 Armour: Robe              |     6 |       |       |       ||     6
         Scale mail        |     2 |    19 |       |       ||    21
         Plate armour      |       |    38 |   231 |   198 ||   467
  Dodge: Dodged            |    39 |    63 |   172 |   162 ||   436
  Block: Orb               |       |       |    11 |    87 ||    98
         Reflection        |       |       |     1 |     1 ||     2
